[Event "WJCC U20 Girls 2019"]
[Site "New Delhi"]
[Date "2019.10.24"]
[Round "10.23"]
[White "Pychova, Nela"]
[Black "Fretel, Liza"]
[Result "1-0"]
[ECO "B24"]
[WhiteElo "2178"]
[BlackElo "1877"]
[Annotator "NA"]
[PlyCount "192"]
[EventDate "2019.10.15"]
[EventType "swiss"]
[EventCountry "IND"]
[SourceTitle "playchess.com"]
[Source "ChessBase"]
[SourceQuality "1"]
[TimeControl "40/5400+30:1800+30"]

1. e4 c5 2. Nc3 Nc6 3. Bb5 Na5 4. a4 a6 5. Be2 e6 6. Nf3 Qc7 7. O-O Nf6 8. Re1 d6 9. Bf1 Be7 10. b3 O-O 11. Ba3 Nc6 12. d3 b6 13. Qd2 Bb7 14. h3 Rac8 15. Ne2 d5 16. exd5 Nxd5 17. Bb2 Bf6 18. Bxf6 Nxf6 19. Ng3 Nd4 20. Ne5 Nd7 21. Nxd7 Qxd7 22. Rab1 Bd5 23. Ne2 e5 24. Nc3 Rfe8 25. Nxd5 Qxd5 26. Qd1 a5 27. c3 Ne6 28. g3 Qd6 29. Qe2 Nc7 30. Qe4 Rcd8 31. Rbd1 Nd5 32. Qc4 Kf8 33. Bg2 f5 34. Bxd5 Qxd5 35. Qxd5 Rxd5 36. Kf1 Red8 37. Ke2 Kf7 38. Rg1 R8d6 39. h4 h6 40. Rh1 Re6 41. Ke3 Kf6 42. Ke2 Rd7 43. Ke3 Red6 44. Ke2 Rb7 45. Ra1 g6 46. Rhg1 h5 47. Rgf1 Rd8 48. Rfe1 f4 49. Rg1 Rbd7 50. gxf4 exf4 51. Rad1 Rd5 52. Rh1 Rf5 53. Kf3 Rfd5 54. Ke2 g5 55. hxg5+ Rxg5 56. Kf3 Rf5 57. d4 cxd4 58. Rxd4 Rxd4 59. cxd4 b5 60. axb5 Rxb5 61. Kxf4 Rf5+ 62. Ke3 Rb5 63. Ke4 Ke6 64. Rh3 Rf5 65. f4 Rb5 66. Rc3 h4 67. Rc6+ Ke7 68. Rh6 Rxb3 69. Rxh4 Rb5 70. Rh7+ Ke6 71. d5+ Kd6 72. Rh6+ Ke7 73. Ke5 Rb1 74. Rh7+ Kd8 75. Ke6 Re1+ 76. Kd6 Kc8 77. Rh8+ Kb7 78. f5 Rf1 79. Ke6 Re1+ 80. Kf6 Rd1 81. Ke6 Re1+ 82. Kf7 a4 83. d6 Kc6 84. Ra8 Ra1 85. Ra6+ Kd7 86. f6 a3 87. Ra7+ Kxd6 88. Ke8 Re1+ 89. Kd8 Rf1 90. Ra6+ Ke5 91. Ke7 Rb1 92. Ra5+ Kf4 93. f7 Rb7+ 94. Kf6 Rb8 95. Kg7 Rb7 96. Kg8 Ke4 1-0